 Dungeon Crawl Stone Soup version 0.28.0-47-ge53b351184 (webtiles) character file.

Game seed: 8647181682394068885

134 nickcage the Chopper (level 5, -1/46 HPs)
             Began as a Hill Orc Cinder Acolyte on May 9, 2022.
             Was a High Priest of Ignis.
             Slain by Natasha (2 damage)
             ... on level 2 of the Dungeon.
             The game lasted 00:04:50 (2638 turns).

nickcage the Chopper (Hill Orc Cinder Acolyte)      Turns: 2638, Time: 00:04:50

Health: -1/46      AC:  2    Str: 19    XL:     5   Next: 17%
Magic:  6/6        EV: 11    Int: 14    God:    Ignis [*****.]
Gold:   97         SH:  0    Dex:  6    Spells: 6/6 levels left

rFire   + . .      SeeInvis .   a - -1 hand axe (flame)
rCold   . . .      Faith    .   (no shield)
rNeg    . . .      Spirit   .   b - +0 robe
rPois   .          Reflect  .   (no helmet)
rElec   .          Harm     .   (no cloak)
rCorr   .          Rampage  .   (no gloves)
Will    .....                   (no boots)
Stlth   +.........              (no amulet)
HPRegen 0.15/turn               (no ring)
MPRegen 0.10/turn               (no ring)

@: slowed, very slow
A: no striking features
a: Renounce Religion, Fiery Armour, Foxfire Swarm, Rising Flame


You were on level 2 of the Dungeon.
You worshipped Ignis.
Ignis was extremely pleased with you.
You visited 1 branch of the dungeon, and saw 2 of its levels.

You collected 123 gold pieces.
You spent 26 gold pieces at shops.

Inventory:

Hand Weapons
 a - a -1 hand axe of flaming (weapon)
Armour
 b - a +0 robe (worn)
Scrolls
 f - 2 scrolls of identify
Potions
 c - a potion of mutation {unknown}
 d - a potion of heal wounds {unknown}
 e - a potion of flight {unknown}


   Skills:
 - Level 3.7 Fighting
 + Level 7.5 Axes
 - Level 1.0 Spellcasting
 - Level 3.2 Fire Magic


You had 6 spell levels left.
You didn't know any spells.
Your spell library contained the following spells:

 Spells                   Type           Power      Damage    Failure   Level
 Scorch                   Fire           18%        2d6       11%         2
 Gell's Gravitas          Tloc           0%         N/A       61%         3
 Lesser Beckoning         Tloc           0%         N/A       61%         3
 Teleport Other           Tloc           0%         N/A       61%         3


Dungeon Overview and Level Annotations

Branches:
Dungeon (2/15)

Altars:
Cheibriados

Shops:
D:2 ?

Annotations:
D:2 Natasha


Message History

You kill the adder!
You feel sick.
You feel sick.
You see here an adder corpse.
You start resting.
You feel sick. x5
You are no longer poisoned.
You start resting.
Natasha, Servant of Life and Death comes into view.
Natasha hisses angrily.
Natasha stares at you and mumbles some strange words.
You feel yourself slow down. Natasha claws you.
You hit Natasha but do no damage. Natasha barely misses you.
You closely miss Natasha. Natasha barely misses you.
You closely miss Natasha. Your punch misses Natasha.
Natasha wildly gestures.
You feel disoriented. Natasha claws you. Natasha barely misses you.
You hit Natasha. You burn Natasha.
Natasha is heavily wounded.
Natasha claws you.
You closely miss Natasha.
Natasha is heavily wounded.
Natasha claws you.
* * * LOW HITPOINT WARNING * * *
Natasha claws you!
* * * LOW HITPOINT WARNING * * *
You barely miss Natasha.
Natasha is heavily wounded.
Natasha mumbles some strange words.
You feel disoriented. Natasha barely misses you.
You miss Natasha.
Natasha is heavily wounded.
Natasha claws you.
* * * LOW HITPOINT WARNING * * *
You hit Natasha. You burn Natasha.
Natasha is severely wounded.
Natasha claws you.
You die...

.## #.# ##.#.#
..# #.# ##...#
#... #.# #....#
###..#.# #.##.###
#.#.# #.# ...#
#...####.#
##.#### #.......#
#....#
##.##...####h...#
#..#.....@.<.#
#.######.....#
... #†....# ..##
##....# ...
#....# .. #....#
#.$..# ######


You could see Natasha.

Vanquished Creatures
  An orc priest (D:2)
  Natasha (D:2)
  4 adders (D:2)
  A worm (D:2)
  A dart slug (D:2)
  2 orcs (D:2)
  2 endoplasms (D:1)
  A giant cockroach (D:1)
  2 hobgoblins
  5 jackals (D:1)
  4 kobolds (D:1)
  A quokka (D:1)
  4 ball pythons
  3 bats
  3 frilled lizards
  2 goblins (D:2)
  3 rats
40 creatures vanquished.

Notes
Turn   | Place    | Note
-------+----------+-------------------------------------------
     0 | D:1      | nickcage the Hill Orc Cinder Acolyte began the quest for
                  | the Orb.
     0 | D:1      | Reached XP level 1. HP: 19/19 MP: 2/2
   277 | D:1      | Reached XP level 2. HP: 6/27 MP: 3/3
   760 | D:1      | Reached skill level 5 in Axes
  1147 | D:1      | Found a faded altar of an unknown god.
  1218 | D:1      | Reached XP level 3. HP: 16/33 MP: 4/4
  1684 | D:2      | Found a snail-covered altar of Cheibriados.
  1737 | D:2      | Reached skill level 6 in Axes
  1737 | D:2      | Reached XP level 4. HP: 30/40 MP: 5/5
  1837 | D:2      | Found Fuekyex's Magic Scroll Shoppe.
  1842 | D:2      | Bought a scroll of identify for 26 gold pieces
  2069 | D:2      | Reached skill level 7 in Axes
  2294 | D:2      | Noticed Natasha
  2300 | D:2      | Killed Natasha
  2301 | D:2      | Reached XP level 5. HP: 21/46 MP: 6/6
  2628 | D:2      | Noticed Natasha
  2637 | D:2      | HP: 1/46 [Natasha (4)]
  2638 | D:2      | Slain by Natasha

Illustrated notes

Levels and vault maps discovered:
D:1:      grunt_arrival_lava_bath, layout_loops_ring,
          dreamdust_ecumenical_altar_statues
D:2:      layout_rooms, basic_altar, serial_shops, shop, uniq_natasha

Skill      XL: |  1  2  3  4 |
---------------+-------------+-----
Axes           | 5 6 7 |  7.5
Fighting       | |  3.7
Spellcasting   | |  1.0
Fire Magic     | |  3.2

Action                   |  1- 3 |  4- 6 || total
-------------------------+-------+-------++-------
Melee: Hand axe          |    78 |    56 ||   134
       Punch             |     1 |       ||     1
Invok: Fiery Armour      |     1 |     1 ||     2
Armor: Robe              |    20 |    10 ||    30
Dodge: Dodged            |    31 |    34 ||    65
